 Dungeon Crawl Stone Soup version 0.22-a0-617-g6d95e9e (webtiles) character file.

1925 Hebeh the Destroyer (level 8, 0/44 HPs)
             Began as a Deep Elf Fire Elementalist on July 12, 2018.
             Was an Initiate of Vehumet.
             Killed by nerve-wracking pain
             ... invoked by Menkaure
              (13 damage)
             ... on level 6 of the Dungeon.
             The game lasted 00:35:02 (7583 turns).

Hebeh the Destroyer (Deep Elf Fire Elementalist)    Turns: 7583, Time: 00:35:03

Health: 0/44       AC:  3    Str:  5    XL:     8   Next: 96%
Magic:  26/30      EV: 14    Int: 29    God:    Vehumet [......]
Gold:   300        SH:  0    Dex: 15    Spells: 3/21 levels left

rFire    . . .     SeeInvis .   w - +1 flail (protect)
rCold    . . .     Gourm    .   (no shield)
rNeg     . . .     Faith    .   i - +0 robe
rPois    .         Spirit   .   j - +1 hat
rElec    .         Reflect  .   (no cloak)
rCorr    .         Harm     .   (no gloves)
MR       .....                  (no boots)
Stlth    ++........             (no amulet)
HPRegen  0.14/turn              f - +6 ring of intelligence
MPRegen  0.22/turn              h - ring of magical power

@: no status effects
A: no striking features
a: Renounce Religion


You were on level 6 of the Dungeon.
You worshipped Vehumet.
Vehumet was noncommittal.
You were not hungry.

You visited 2 branches of the dungeon, and saw 7 of its levels.

You collected 300 gold pieces.

Inventory:

Hand Weapons
 a - a +5 mace of crushing
 w - a +1 flail of protection (weapon)
 x - a +0 short sword of venom
Missiles
 b - 5 exploding tomahawks
 d - 199 stones
 n - 7 javelins (quivered)
 p - 85 arrows
 q - 78 sling bullets
 t - 76 bolts
 v - 6 tomahawks
 A - 5 steel tomahawks
Armour
 i - a +0 robe (worn)
 j - a +1 hat (worn)
Jewellery
 f - a +6 ring of intelligence (left hand)
 g - an uncursed ring of protection from magic
 h - a ring of magical power (right hand)
 y - a +1 ring of evasion
Wands
 k - a wand of acid (8)
 E - a wand of iceblast (9)
Scrolls
 e - 5 scrolls of remove curse
 m - 4 scrolls of teleportation
 r - a scroll of noise {unknown}
 u - a scroll of magic mapping {unknown}
 z - a scroll of enchant armour
 D - a scroll of identify
Potions
 l - a potion of might
 o - a potion of flight
 s - 4 potions of degeneration
 B - a potion of haste {unknown}
Comestibles
 c - 15 rations
 C - 4 chunks of flesh


   Skills:
 + Level 2.1 Fighting
 + Level 4.1 Dodging
 - Level 2.4 Stealth
 + Level 7.4 Spellcasting
 * Level 8.0 Conjurations
 - Level 2.1 Hexes
 * Level 7.2 Fire Magic


You had 3 spell levels left.
You knew the following spells:

 Your Spells              Type           Power        Failure   Level  Hunger
a - Flame Tongue          Conj/Fire      #####        1%          1    None
b - Throw Flame           Conj/Fire      ######       1%          2    None
c - Conjure Flame         Conj/Fire      ######..     1%          3    None
d - Inner Flame           Hex/Fire       #####...     2%          3    None
e - Fireball              Conj/Fire      ######....   6%          5    ####...
f - Sticky Flame          Conj/Fire      ######..     1%          4    ##.....

Your spell library contained the following spells:

 Spells                   Type           Power        Failure   Level  Hunger


Dungeon Overview and Level Annotations

Branches:
Dungeon (6/15)             Temple (1/1) D:4

Altars:
Ashenzari
Cheibriados
Dithmenos
Elyvilon
Fedhas
Gozag
Hepliaklqana
Kikubaaqudgha
Makhleb
Nemelex Xobeh
Okawaru
Qazlal
Ru
Sif Muna
Trog
Uskayaw
Vehumet
Wu Jian
Xom
Yredelemnul
Zin
The Shining One

Annotations:
D:6 1 runed door, Menkaure; melvinkitnick's ghost, novice MiFi


Message History

Casting: Flame Tongue (safe; 1% risk of failure)
Confirm with . or Enter, or press ? or * to list all spells.
Aiming: Flame Tongue (safe; 1% risk of failure)
Press: ? - help, Shift-Dir - straight line, f/p - hound zombie
Aim: a hound zombie (almost destroyed)
The flame tongue hits the hound zombie.
You destroy the hound zombie!
Vehumet accepts your kill. The bullfrog barely misses you.
Casting: Flame Tongue (safe; 1% risk of failure)
Confirm with . or Enter, or press ? or * to list all spells.
Aiming: Flame Tongue (safe; 1% risk of failure)
Press: ? - help, Shift-Dir - straight line, f - bullfrog
Aim: a bullfrog (severely wounded)
The flame tongue hits the bullfrog.
You kill the bullfrog!
Vehumet accepts your kill.
Menkaure gestures at you while chanting.
Pain shoots through your body!
You die...

. #. #. # #.. #
#... .#
##...l########
.#
#..)..M....@.#
#.#
#.......####.##
#..# $########
###.# #....
#####).##
#....#
##....###
#...## ##...###
..... ##...##
#..####...##
#........#


You could see Menkaure and an iguana.

Vanquished Creatures
  The ghost of Amnesiac the Eclecticist, a novice SpWz of Gozag (D:5)
  Sigmund (D:3)
  A sky beast (D:6)
  3 ogres
  A centaur (D:6)
  3 bullfrogs (D:6)
  4 scorpions
  A quasit (D:6)
  A bullfrog zombie (D:6)
  2 orc priests
  2 hounds
  An iguana (D:4)
  4 worker ants
  2 hound zombies (D:6)
  A worker ant zombie (D:6)
  4 gnolls
  10 adders
  A shadow imp (D:6)
  2 oozes
  An adder zombie (D:5)
  A worm (D:3)
  An adder skeleton (D:4)
  10 dart slugs
  5 leopard geckos
  13 orcs
  5 giant cockroaches
  9 goblins
  11 hobgoblins
  6 jackals
  3 quokkas
  6 bats
  5 frilled lizards
  8 kobolds
  A quokka skeleton (D:5)
  7 rats
137 creatures vanquished.

Notes
Turn   | Place    | Note
-------+----------+-------------------------------------------
     0 | D:1      | Hebeh the Deep Elf Fire Elementalist began the quest for the Orb.
     0 | D:1      | Reached XP level 1. HP: 10/10 MP: 6/6
   478 | D:1      | Reached XP level 2. HP: 15/15 MP: 8/8
   543 | D:1      | Reached skill level 2 in Conjurations
  1046 | D:1      | Reached XP level 3. HP: 19/19 MP: 9/9
  1546 | D:2      | Reached skill level 3 in Conjurations
  1548 | D:2      | Reached XP level 4. HP: 24/24 MP: 11/11
  2120 | D:3      | Learned a level 2 spell: Throw Flame
  2124 | D:3      | Learned a level 3 spell: Conjure Flame
  2128 | D:3      | Learned a level 3 spell: Inner Flame
  2306 | D:3      | Noticed Sigmund
  2322 | D:3      | Killed Sigmund
  2322 | D:3      | Reached skill level 4 in Conjurations
  2322 | D:3      | Reached XP level 5. HP: 13/28 MP: 3/14
  2322 | D:3      | Reached XP level 6. HP: 15/32 MP: 3/15
  2738 | D:3      | Found a hazy altar of Hepliaklqana.
  3215 | D:3      | Reached skill level 5 in Spellcasting
  3414 | D:3      | Found a faded altar of an unknown god.
  3731 | D:4      | Reached skill level 5 in Conjurations
  3731 | D:4      | Reached skill level 5 in Fire Magic
  3950 | D:4      | Reached XP level 7. HP: 36/36 MP: 16/17
  4033 | D:4      | Reached skill level 6 in Conjurations
  4808 | D:4      | Found a staircase to the Ecumenical Temple.
  4818 | Temple   | Entered the Ecumenical Temple
  4916 | Temple   | Became a worshipper of Vehumet
  5039 | D:4      | Learned a level 4 spell: Sticky Flame
  5045 | D:4      | Learned a level 5 spell: Fireball
  5052 | D:5      | Entered Level 5 of the Dungeon
  5321 | D:5      | Found a runed door.
  5325 | D:5      | Noticed Amnesiac's ghost (novice SpWz)
  5966 | D:5      | Killed Amnesiac's ghost
  5966 | D:5      | Reached skill level 1 in Fighting
  5966 | D:5      | Reached skill level 7 in Conjurations
  5966 | D:5      | Reached XP level 8. HP: 23/43 MP: 2/20
  5971 | D:5      | HP: 1/43 [poisoned by an adder]
  6348 | D:5      | Found a basalt altar of Yredelemnul.
  7535 | D:6      | Found a runed door.
  7538 | D:6      | Noticed melvinkitnick's ghost (novice MiFi)
  7547 | D:6      | Reached skill level 8 in Conjurations
  7572 | D:6      | Noticed Menkaure
  7583 | D:6      | Killed from afar by Menkaure

Vault maps used:
D:1:      giann_horns, minmay_misc_feat_square, minivault_19
D:3:      lemuel_coloured_pillars_altar, chequers_ecumenical_altar_grove,
          uniq_sigmund
D:4:      kennysheep_slugbush, minmay_temple_entry_poolview, minmay_misc_feat_x
D:5:      first_ration, ebering_ghost_sewer_d, yredelemnul_altar_generic
D:6:      ebering_ghost_reflecting_pool, uniq_menkaure
Temple:   kilobyte_greek_temple

Skill      XL: |  1  2  3  4  5  6  7  8 |
---------------+-------------------------+-----
Conjurations   | 2 3 4 5 7 8 |  8.0
Fire Magic     | 4 5 6 7 |  7.2
Spellcasting   | 4 5 6 7 |  7.4
Hexes          | 2 |  2.1
Fighting       | 1 2 |  2.1
Dodging        | 3 4 |  4.1
Stealth        | |  2.4

Action                   |  1- 3 |  4- 6 |  7- 9 || total
-------------------------+-------+-------+-------++-------
Melee: Mace              |       |       |     9 ||     9
Throw: Stone             |    35 |     6 |       ||    41
       Javelin           |     5 |     7 |       ||    12
 Cast: Flame Tongue      |    63 |    65 |   106 ||   234
       Throw Flame       |       |    44 |    64 ||   108
       Conjure Flame     |       |       |     1 ||     1
  Use: Scroll            |       |       |     9 ||     9
       Potion            |       |       |     5 ||     5
  Eat: Chunk             |     2 |     7 |     8 ||    17
       Ration            |       |       |     1 ||     1
Armor: Robe              |     4 |     4 |    22 ||    30
Dodge: Dodged            |    22 |    16 |    50 ||    88

Table legend:
 A = Spawn XP
 B = Non-spawn XP
 C = Spawn XP percentage of total XP
 D = Spawn monster count
 E = Non-spawn monster count
 F = Spawn count percentage of total count
 G = Total turns spent on level
                    A         B        C        D         E        F      G
               +---------+---------+-------+---------+---------+-------+---------
         Total |       0 |    2750 |   0.0 |       0 |     137 |   0.0 |  7583
               +---------+---------+-------+---------+---------+-------+---------
           D:1 |       0 |      63 |   0.0 |       0 |      25 |   0.0 |  1394
           D:2 |       0 |      64 |   0.0 |       0 |      18 |   0.0 |   722
           D:3 |       0 |     373 |   0.0 |       0 |      31 |   0.0 |  1523
           D:4 |       0 |     693 |   0.0 |       0 |      35 |   0.0 |  1359
           D:5 |       0 |     683 |   0.0 |       0 |       9 |   0.0 |  1539
           D:6 |       0 |     874 |   0.0 |       0 |      19 |   0.0 |   911
               +---------+---------+-------+---------+---------+-------+---------
